 Dungeon Crawl Stone Soup version 0.17.1-3-g152610e (webtiles) character file.

2494 kaze the Blocker (level 9, -6/55 HPs)
             Began as a Gargoyle Fighter on Apr 14, 2016.
             Was a Follower of Trog.
             Mangled by Tobisume's ghost (8 damage)
             ... on level 7 of the Dungeon.
             The game lasted 00:12:04 (5800 turns).

kaze the Blocker (Gargoyle Fighter)                 Turns: 5800, Time: 00:12:04

Health: -6/55      AC: 19    Str: 24    XL:     9   Next: 52%
Magic:  9/9        EV: 12    Int:  8    God:    Trog [*.....]
Gold:   264        SH: 11    Dex:  9    Spells: 0 memorised, 8 levels left

rFire  . . .     SeeInvis .     s - +1 long sword (protect)
rCold  . . .     Clarity  .     b - +0 scale mail
rNeg   + + .     SustAt   .     c - +0 shield
rPois  ∞         Gourm    .     (no helmet)
rElec  +         Spirit   .     (no cloak)
rCorr  .         Warding  .     (no gloves)
rMut   .         Stasis   .     (no boots)
MR     .....                    w - amulet of faith
Stlth  ..........               u - ring of positive energy
                                l - +2 ring of evasion

@: exhausted, slowed, very slow, not resistant to hostile enchantments,
extremely unstealthy
A: molten scales 1, negative energy resistance 1, electricity resistance,
unbreathing, petrification resistance, rot immunity, AC +5
a: Berserk, Burn Spellbooks, Renounce Religion


You were on level 7 of the Dungeon.
You worshipped Trog.
Trog was aware of your devotion.
You were very hungry.

You visited 1 branch of the dungeon, and saw 7 of its levels.

You collected 264 gold pieces.

Inventory:

Hand Weapons
 a - a +0 flail
 s - a +1 long sword of protection (weapon)
 x - a +0 broad axe
Missiles
 v - 6 tomahawks (quivered)
Armour
 b - a +0 scale mail (worn)
 c - a +0 shield (worn)
Jewellery
 k - an uncursed ring of protection from cold
 l - a +2 ring of evasion (left hand)
 u - a ring of positive energy (right hand)
 w - an amulet of faith (around neck)
 A - an uncursed ring of protection from fire {unknown}
Wands
 y - a wand of frost (20)
 C - a wand of flame (21)
Scrolls
 e - 2 scrolls of amnesia
 j - 4 scrolls of identify
 m - a scroll of immolation
 q - a scroll of blinking
 t - 2 scrolls of remove curse {unknown}
Potions
 d - a potion of lignification {unknown}
 f - a potion of brilliance
 h - 4 potions of heal wounds
 i - 2 potions of curing
 p - a potion of poison {unknown}
 r - a potion of berserk rage {unknown}
 B - a potion of haste {unknown}
Comestibles
 g - 2 meat rations
 n - 5 slices of pizza
 o - 4 bread rations
 z - 5 fruits


   Skills:
 + Level 6.0 Fighting
 + Level 3.3 Long Blades
 + Level 3.2 Maces & Flails
 + Level 6.1 Armour
 + Level 5.4 Dodging
 + Level 1.2 Stealth
 + Level 8.0 Shields


You had 8 spell levels left.
You didn't know any spells.

Dungeon Overview and Level Annotations

Branches:
Dungeon (7/15)             Temple (0/1) D:6

Altars:
Trog

Shops:
D:4 (

Annotations:
D:7 Tobisume's ghost, novice DsGl


Innate Abilities, Weirdness & Mutations

You are resistant to torment.
Your stone body is resilient (AC +5).
You are immune to poison.
You resist negative energy.
You are resistant to electric shocks.
You can survive without breathing.
You are immune to petrification.
You are immune to rotting.
You are partially covered in molten scales (AC +1).


Message History

You pass out from exhaustion.
You feel yourself slow down.
You are feeling very hungry.
Tobisume's ghost hits you but does no damage.
Tobisume's ghost hits you! Tobisume's ghost hits you.
You can move again.
You hit Tobisume's ghost.
Tobisume's ghost is almost destroyed.
Tobisume's ghost closely misses you. Tobisume's ghost hits you!
* * * LOW HITPOINT WARNING * * *
You miss Tobisume's ghost.
Tobisume's ghost is almost destroyed.
Tobisume's ghost hits you!
* * * LOW HITPOINT WARNING * * *
You block Tobisume's ghost's attack.
You completely miss Tobisume's ghost.
Tobisume's ghost is almost destroyed.
Tobisume's ghost hits you!
You die...

#.......# #.# ..
#.......# #.# . #'
#.......# #.# .. #.
#.......# #.# ... ..
#.......###.# .
..##.#####...........#
... ...................#
.....#.#####.......###.#
#..W@...............#
#.#.################# #.
######## #. #....... ..
#.######
..##########.### #
#.:#............# #
#..#.########.#.####
#........#.#.)...


You could see Tobisume's ghost.

Vanquished Creatures
  The ghost of Sl000nik the Blocker, a novice GrFi (D:5)
  Prince Ribbit (D:5)
  A hippogriff (D:7)
  Eustachio (D:5)
  Edmund (D:5)
  A sky beast (D:6)
  An ogre (D:6)
  3 centaurs
  2 giant frogs (D:6)
  Blork the orc (D:5)
  A big kobold (D:7)
  3 scorpions (D:5)
  A crimson imp (D:5)
  3 orc priests (D:4)
  2 orc wizards
  7 worker ants
  3 giant frog skeletons
  Natasha (thrice) (D:3)
  A killer bee zombie (D:6)
  A gnoll (D:1)
  17 adders
  3 worms
  An adder skeleton (D:4)
  13 orcs
  A ball python (D:2)
  17 bats
  5 goblins
  6 hobgoblins
  8 kobolds
  2 quokkas
  A ball python skeleton (D:6)
  8 giant cockroaches
  4 giant geckos
  A giant gecko skeleton (D:6)
  5 giant newts
  2 jackals (D:3)
  A quokka skeleton (D:5)
  A quokka zombie (D:5)
  11 rats
145 creatures vanquished.

Vanquished Creatures (others)
  2 fungi (D:5)
2 creatures vanquished.

Grand Total: 147 creatures vanquished

Notes
Turn   | Place    | Note
--------------------------------------------------------------
     0 | D:1      | kaze the Gargoyle Fighter began the quest for the Orb.
     0 | D:1      | Reached XP level 1. HP: 14/14 MP: 1/1
   124 | D:1      | Reached XP level 2. HP: 19/19 MP: 2/2
   210 | D:1      | Reached XP level 3. HP: 22/24 MP: 3/3
  1246 | D:2      | Reached skill level 1 in Dodging
  1454 | D:2      | Reached skill level 4 in Armour
  1454 | D:2      | Reached XP level 4. HP: 27/29 MP: 4/4
  1716 | D:3      | Noticed Natasha
  1729 | D:3      | Killed Natasha
  1729 | D:3      | Reached XP level 5. HP: 3/33 MP: 5/5
  2301 | D:3      | Noticed Natasha
  2304 | D:3      | Killed Natasha
  2479 | D:3      | Noticed Natasha
  2482 | D:3      | Killed Natasha
  2733 | D:4      | Found Estoc's Antique Weapon Shop.
  2811 | D:4      | Reached XP level 6. HP: 27/38 MP: 6/6
  3539 | D:5      | Entered Level 5 of the Dungeon
  3602 | D:5      | Noticed Blork the orc
  3616 | D:5      | Killed Blork the orc
  3616 | D:5      | Reached XP level 7. HP: 44/44 MP: 7/7
  3655 | D:5      | Reached skill level 5 in Shields
  3696 | D:5      | Reached skill level 1 in Long Blades
  3707 | D:5      | Reached skill level 5 in Armour
  3719 | D:5      | Reached skill level 1 in Stealth
  3816 | D:5      | Noticed Edmund
  3817 | D:5      | Noticed Sl000nik's ghost (novice GrFi)
  3832 | D:5      | Killed Edmund
  3832 | D:5      | Reached skill level 6 in Shields
  3832 | D:5      | Reached XP level 8. HP: 24/48 MP: 8/8
  3844 | D:5      | Killed Sl000nik's ghost
  3844 | D:5      | Reached skill level 5 in Fighting
  4049 | D:5      | Noticed Eustachio
  4324 | D:5      | Killed Eustachio
  4628 | D:5      | Reached skill level 7 in Shields
  4695 | D:5      | Noticed a moth of wrath
  4698 | D:5      | Noticed Prince Ribbit
  4703 | D:5      | Found a bloodstained altar of Trog.
  4742 | D:5      | Became a worshipper of Trog the Wrathful
  4824 | D:5      | Killed Prince Ribbit
  4824 | D:5      | Reached XP level 9. HP: 44/55 MP: 9/9
  4956 | D:6      | Reached skill level 5 in Dodging
  5052 | D:6      | Gained mutation: You are partially covered in molten scales (AC +1). [mutagenic meat]
  5086 | D:6      | Found a staircase to the Ecumenical Temple.
  5680 | D:7      | Reached * piety under Trog
  5741 | D:7      | Reached skill level 8 in Shields
  5782 | D:7      | Noticed Tobisume's ghost (novice DsGl)
  5799 | D:7      | HP: 2/55 [Tobisume's ghost (9)]
  5800 | D:7      | Mangled by Tobisume's ghost

Action                   |  1- 3 |  4- 6 |  7- 9 || total
-------------------------+-------+-------+-------++-------
Melee: Flail             |   130 |   171 |    11 ||   312
       Long sword        |       |    93 |   486 ||   579
Invok: Burn Spellbooks   |       |       |     3 ||     3
       Berserk           |       |       |     1 ||     1
  Use: Potion            |       |     1 |     2 ||     3
       Scroll            |       |       |     7 ||     7
  Eat: Bread ration      |       |     1 |       ||     1
       Meat ration       |       |     1 |     1 ||     2
       Royal jelly       |       |       |     1 ||     1
       Beef jerky        |       |       |     1 ||     1
       Chunk             |       |       |     1 ||     1
